 Dungeon Crawl Stone Soup version 0.29.1-15-g9cfb28693d (webtiles) character file.

Game seed: 15956096225896188086

288 safid the Chiller (level 6, -1/47 HPs)
             Began as a Merfolk Ice Elementalist on Apr 11, 2023.
             Constricted to death by Edmund (8 damage)
             ... on level 5 of the Dungeon.
             The game lasted 00:07:57 (4827 turns).

safid the Chiller (Merfolk Ice Elementalist)        Turns: 4827, Time: 00:07:58

Health: -1/47      AC:  2    Str:  8    XL:     6   Next: 31%
Magic:  3/11       EV:  9    Int: 16    God:
Gold:   190        SH:  0    Dex: 15    Spells: 5/12 levels left

rFire   . . .      SeeInvis +   j - +2 whip (elec)
rCold   . . .      Faith    .   (no shield)
rNeg    . . .      Spirit   .   a - +0 robe
rPois   .          Reflect  .   (no helmet)
rElec   .          Harm     .   (no cloak)
rCorr   .          Rampage  .   (no gloves)
Will    .....                   (no boots)
Stlth   ++........              (no amulet)
HPRegen 0.15/turn               s - ring of see invisible
MPRegen 0.12/turn               (no ring)

@: grasped by roots, constricted
A: (nimble swimmer 2), mertail
a: no special abilities


You were on level 5 of the Dungeon.
You visited 1 branch of the dungeon, and saw 5 of its levels.

You collected 246 gold pieces.
You spent 56 gold pieces at shops.

Inventory:

Hand Weapons
 j - a +2 whip of electrocution (weapon)
Armour
 a - a +0 robe (worn)
Jewellery
 s - a ring of see invisible (left hand)
Scrolls
 c - 2 scrolls of blinking {unknown}
 d - a scroll of torment {unknown}
 e - a scroll of fear {unknown}
 f - a scroll of vulnerability {unknown}
 h - a scroll of enchant weapon {unknown}
 i - 4 scrolls of enchant armour {unknown}
 k - 5 scrolls of identify {unknown}
 l - a scroll of amnesia {unknown}
 n - a scroll of brand weapon {unknown}
 p - 2 scrolls of summoning {unknown}
Potions
 b - 2 potions of magic
 g - 2 potions of curing
 m - a potion of mutation {unknown}
 q - a potion of might
 r - a potion of haste {unknown}


   Skills:
 + Level 3.6 Fighting
 - Level 2.6 Dodging
 - Level 2.1 Stealth
 + Level 3.7 Spellcasting
 + Level 5.9 Ice Magic


You had 5 spell levels left.
You knew the following spells:

 Your Spells              Type           Power      Damage    Failure   Level
a - Freeze                Ice            84%        1d10      1%          1
b - Frozen Ramparts       Ice            42%        1d7       4%          3
c - Ozocubu's Armour      Ice            21%        N/A       4%          3

Your spell library contained the following spells:

 Spells                   Type           Power      Damage    Failure   Level
 Apportation              Tloc           4%         N/A       17%         1
 Necrotise                Necr           8%         1d4       17%         1
 Sandblast                Erth           4%         2d4       17%         1
 Summon Small Mammal      Summ           8%         N/A       17%         1
 Blink                    Tloc           4%         N/A       26%         2
 Passwall                 Tmut/Erth      1%         N/A       26%         2
 Gell's Gravitas          Tloc           2%         N/A       45%         3
 Lesser Beckoning         Tloc           2%         N/A       45%         3
 Stone Arrow              Conj/Erth      4%         3d7       45%         3
 Teleport Other           Tloc           2%         N/A       45%         3
 Hailstorm                Conj/Ice       12%        3d5       45%         4
 Manifold Assault         Tloc           2%         N/A       99%         5
 Simulacrum               Ice/Necr       6%         N/A       100%        6
 Polar Vortex             Ice            10%        N/A       100%        9


Dungeon Overview and Level Annotations

Branches:
Dungeon (5/15)
 Temple: D:4-7

Altars:
Elyvilon
Nemelex Xobeh
Okawaru
Ru
Sif Muna
Wu Jian
Xom
Zin

Shops:
D:1 *   D:2 !   D:4 ::

Annotations:
D:5 Blork the orc, Edmund


Innate Abilities, Weirdness & Mutations

((You are very nimble when in or above water. (Stealth+, EV+, Speed+++)))
Your lower body shifts to a powerful aquatic tail in water.


Message History

The frozen ramparts melt away.
The hound bites you.
Edmund zaps a wand.
The roots erupt in riotous growth!
The grasping roots grab you!
Blork the orc is unaffected.
Edmund is unaffected.
The hound is unaffected.
The grasping roots constrict you! The hound barely misses you.
You hear a bark!
Unknown command.
Casting: Ozocubu's Armour (dangerous; 4% risk of failure)
Confirm with . or Enter, or press ? or * to list all spells.
Casting: Frozen Ramparts (dangerous; 4% risk of failure)
Press: ? - help, Dir - look around, f - activate A stone staircase leading up, spattered with blood.
The walls around you are covered in ice.
The hound bites you.
The wall freezes Edmund but does no damage.
Edmund barely misses you. The grasping roots constrict you.
The wall freezes Blork the orc.
Blork the orc hits you but does no damage.
The grasping roots release their grip on you.
You hit Edmund but do no damage.
Edmund is lightly wounded.
The hound bites you but does no damage.
The wall freezes Blork the orc.
Blork the orc barely misses you.
The wall freezes Edmund but does no damage.
Edmund hits you with a +0 flail of protection.
* * * LOW HITPOINT WARNING * * *
The hound bites you.
* * * LOW HITPOINT WARNING * * *
Unknown command.
It was a potion of cancellation.
Your magical effects are unravelling.
You feel magically purged.
Your icy armour evaporates.
The frozen ramparts melt away.
The hound barely misses you. Blork the orc misses you.
Edmund zaps a wand.
The roots erupt in riotous growth!
The grasping roots grab you!
Blork the orc is unaffected.
Edmund is unaffected.
The hound is unaffected.
The grasping roots constrict you!
You die...

##. #.#.# .>
..... ..#...#
.#...## .....
#...#
#.###.h.###..#
#.....@@......
#####o########
... .....
#..... #.....
#.#### #.


You could see Edmund, Blork the orc and a hound.

Vanquished Creatures
  A phantom (D:4)
  2 hounds
  3 gnolls (D:3)
  5 adders
  3 dart slugs
  An orc (D:4)
  10 ball pythons
  4 bats
  8 endoplasms
  3 giant cockroaches
  6 goblins
  4 hobgoblins
  3 jackals (D:3)
  5 quokkas
  A frilled lizard (D:1)
  7 kobolds
  6 rats
72 creatures vanquished.

Vanquished Creatures (others)
  4 toadstools (D:1)
4 creatures vanquished.

Grand Total: 76 creatures vanquished

Notes
Turn   | Place    | Note
-------+----------+-------------------------------------------
     0 | D:1      | safid the Merfolk Ice Elementalist began the quest for the
                  | Orb.
     0 | D:1      | Reached XP level 1. HP: 13/13 MP: 3/3
   311 | D:1      | Reached XP level 2. HP: 20/20 MP: 3/5
   349 | D:1      | Reached skill level 1 in Fighting
   708 | D:1      | Found Vonoulet's General Store.
   777 | D:1      | Bought a scroll of noise for 14 gold pieces
  1039 | D:2      | Reached XP level 3. HP: 26/26 MP: 6/6
  1043 | D:2      | Learned a level 3 spell: Frozen Ramparts
  1727 | D:2      | Found Venoz's Distillery.
  1736 | D:2      | Bought a potion of curing for 42 gold pieces
  2525 | D:2      | Reached skill level 5 in Ice Magic
  2525 | D:2      | Reached XP level 4. HP: 32/33 MP: 6/8
  2529 | D:2      | Learned a level 3 spell: Ozocubu's Armour
  2860 | D:3      | Found a glowing silver altar of Zin.
  3030 | D:3      | Found a faded altar of an unknown god.
  3363 | D:3      | Found a shimmering blue altar of Sif Muna.
  3363 | D:3      | Found a sacrificial altar of Ru.
  3523 | D:3      | Reached XP level 5. HP: 30/39 MP: 5/9
  3803 | D:4      | Found a white marble altar of Elyvilon.
  3893 | D:4      | Found an iron altar of Okawaru.
  4051 | D:4      | Found Lanilafo's Book Shoppe.
  4060 | D:4      | Got Sif Muna's Guidebook on the Reformed Winter
  4162 | D:4      | Found a sparkling altar of Nemelex Xobeh.
  4162 | D:4      | Found a shimmering altar of Xom.
  4162 | D:4      | Found an ornate altar of the Wu Jian Council.
  4372 | D:4      | Noticed a phantom
  4435 | D:4      | Found Fizuulaza's Book Shop.
  4436 | D:4      | Killed a phantom
  4437 | D:4      | Reached XP level 6. HP: 30/47 MP: 5/11
  4817 | D:5      | Entered Level 5 of the Dungeon
  4817 | D:5      | Noticed Edmund
  4821 | D:5      | Noticed Blork the orc
  4827 | D:5      | Constricted to death by Edmund

Illustrated notes

Levels and vault maps discovered:
D:1:      ldierk_water_garden, layout_rooms, serial_shops, nicolae_square_shop,
          serial_aquarium, aquarium_bridge_straight [aquarium_subvault_bridge,
          aquarium_subvault_wall, aquarium_subvault_bridge,
          aquarium_subvault_wall], aquarium_window_2, aquarium_window_2,
          aquarium_view_2d, aquarium_balcony_double_3, aquarium_pool_five
D:2:      layout_basic, serial_shops, shop_statue, serial_curves,
          eino_curves_03, eino_curves_03
D:3:      layout_loops_ring, zin_scriptorium, gammafunk_temple_overflow_statue,
          shapermc_ecumenical_altar_ellora
D:4:      layout_rooms, okawaru_trees_1,
          mainiacjoe_overflow_concentric_impassable,
          gammafunk_temple_overflow_forgotten, serial_shops,
          nicolae_lakefront_shop, nicolae_shop_advertising_works
          [nicolae_subvault_shop_adworks], eino_tiny_chamber,
          serial_bayou_pond_a, minmay_joined_circles
D:5:      layout_basic, nicolae_uskayaw_murder_on_the_dancefloor,
          nicolae_vehumet_radiance, gup_sewer_entry_bubbles,
          minmay_stone_trees_large, uniq_blork_the_orc, uniq_edmund, uniq_pikel,
          uniq_menkaure, uniq_eustachio

Skill      XL: |  1  2  3  4  5 |
---------------+----------------+-----
Fighting       | 1 2 3 |  3.6
Ice Magic      | 5 |  5.9
Spellcasting   | 3 |  3.7
Dodging        | |  2.6
Stealth        | |  2.1

Action                   |  1- 3 |  4- 6 || total
-------------------------+-------+-------++-------
Melee: Unarmed           |     8 |       ||     8
       Long sword        |    36 |       ||    36
       Whip              |     1 |   103 ||   104
       Punch             |       |     1 ||     1
 Cast: Freeze            |    43 |     4 ||    47
       Frozen Ramparts   |       |     7 ||     7
       Ozocubu's Armour  |       |     4 ||     4
  Use: Potion            |     3 |     1 ||     4
 Stab: Sleeping          |     5 |     4 ||     9
Armor: Robe              |    15 |    31 ||    46
Dodge: Dodged            |    60 |    74 ||   134
